 Dungeon Crawl Stone Soup version 0.29-a0-119-g4040846114 (webtiles) character file.

Game seed: 5919489405005129581

143927 bmj180 the Blocker (level 17, -6/137 HPs)
             Began as a Gnoll Fighter on Feb 19, 2022.
             Was a High Priest of Okawaru.
             Killed by the air
             ... invoked by Nuizxego the Cloud Mage
              (34 damage)
             ... in a wizard's laboratory.
             The game lasted 02:52:59 (38597 turns).

bmj180 the Blocker (Gnoll Fighter)                 Turns: 38597, Time: 02:53:00

Health: -6/137     AC: 19    Str: 22    XL:     17   Next: 38%
Magic:  1/32       EV: 23    Int: 28    God:    Okawaru [*****.]
Gold:   2787       SH:  5    Dex: 15    Spells: 3/39 levels left

rFire   . . .      SeeInvis .   E - +11 quarterstaff of Cheibriados {flame, rN+ Str+2 Dex+2}
rCold   + . .      Faith    .   (shield currently unavailable)
rNeg    + + +      Spirit   .   b - quicksilver dragon scales of the Fiend {-Tele Rampage rF- Will+ Int+10}
rPois   +          Reflect  +   l - -2 hat of the Alchemist {rElec rPois rF+ rC+ rN+ Will+ rMut rCorr}
rElec   +          Harm     .   M - +0 cloak
rCorr   +          Rampage  +   j - +0 pair of gloves
rMut    +          NoTele   +   t - +0 pair of boots "Ifemuh" {rN++ Int+2}
Will    +++..                   m - amulet of reflection
Stlth   ++++++....              C - +6 ring of intelligence
HPRegen 0.32/turn               D - +4 ring of evasion
MPRegen 0.23/turn

@: swift, heroic, finesse-ful, flying (expiring), very slightly contaminated,
very quick
A: fangs 1, strong nose, distributed training
a: Renounce Religion, Heroism, Finesse, Duel


You were in a wizard's laboratory.
You worshipped Okawaru.
Okawaru was extremely pleased with you.
You visited 5 branches of the dungeon, and saw 26 of its levels.
You also visited: Wizlab.

You collected 3435 gold pieces.
You spent 648 gold pieces at shops.

Inventory:

Hand Weapons
 g - a +0 mace of holy wrath
 q - the +1 falchion of Veomeb {vorpal, *Rage MP+9 Int+7 Stlth+}
   (You found it on level 1 of the Lair of Beasts)

   It inflicts extra damage upon your enemies.
   Int:       It affects your intelligence (+7).
   MP:        It affects your magic capacity (+9).
   *Rage:     It berserks you when you make melee attacks (+20% chance).
   Stlth:     It makes you more stealthy.
 A - a +0 scimitar of flaming
 E - the +11 quarterstaff of Cheibriados (weapon) {flame, rN+ Str+2 Dex+2}
   (You took it off a kobold on level 4 of the Dungeon)

   It burns those it strikes, dealing additional fire damage.
   Str:       It affects your strength (+2).
   Dex:       It affects your dexterity (+2).
   rN:        It protects you from negative energy.
 L - a +2 war axe of venom
Missiles
 a - 4 throwing nets
 F - 46 poisoned darts (quivered)
 G - 3 curare-tipped darts
 V - 2 boomerangs of dispersal
Armour
 b - the quicksilver dragon scales of the Fiend (worn) {-Tele Rampage rF- Will+ Int+10}
   (Okawaru gifted it to you on level 1 of the Orcish Mines)

   Int:       It affects your intelligence (+10).
   rF:        It makes you vulnerable to fire.
   -Tele:     It prevents most forms of teleportation.
   Rampage:   It bestows one free step when moving towards enemies.
   Will:      It increases your willpower.
 j - a +0 pair of gloves (worn)
 l - the -2 hat of the Alchemist (worn) {rElec rPois rF+ rC+ rN+ Will+ rMut rCorr}
   (Okawaru gifted it to you on level 12 of the Dungeon)

   rF:        It protects you from fire.
   rC:        It protects you from cold.
   rElec:     It insulates you from electricity.
   rPois:     It protects you from poison.
   rN:        It protects you from negative energy.
   rCorr:     It protects you from acid and corrosion.
   rMut:      It protects you from mutation.
   Will:      It increases your willpower.
 o - +0 steam dragon scales
 t - the +0 pair of boots "Ifemuh" (worn) {rN++ Int+2}
   (Okawaru gifted it to you on level 6 of the Lair of Beasts)

   Int:       It affects your intelligence (+2).
   rN:        It greatly protects you from negative energy.
 M - a +0 cloak (worn)
Jewellery
 c - a ring of flight
 m - an amulet of reflection (around neck)
 u - a ring of wizardry
 C - a +6 ring of intelligence (left hand)
 D - a +4 ring of evasion (right hand)
Wands
 s - a wand of digging (5)
 B - a wand of paralysis (11)
 I - a wand of flame (9)
Scrolls
 f - a scroll of amnesia
 i - 9 scrolls of teleportation
 p - 3 scrolls of blinking
 w - a scroll of fog
 y - 6 scrolls of fear
 z - 6 scrolls of holy word
 K - 15 scrolls of identify
 O - 5 scrolls of silence
Potions
 d - 2 potions of might
 e - 13 potions of curing
 k - 8 potions of brilliance
 n - 7 potions of haste
 r - 6 potions of flight
 v - 3 potions of berserk rage
 J - a potion of cancellation
 S - a potion of magic
 W - 4 potions of resistance
Miscellaneous
 h - a phial of floods
 x - a condenser vane


   Skills:
 + Level 13.2(18.2) Fighting
 + Level 11.6(16.6) Short Blades
 + Level 11.6(16.6) Long Blades
 + Level 11.6(16.6) Axes
 + Level 11.6(16.6) Maces & Flails
 + Level 12.5(17.5) Polearms
 + Level 11.6(16.6) Staves
 + Level 11.6(16.6) Slings
 + Level 11.6(16.6) Bows
 + Level 11.6(16.6) Crossbows
 + Level 11.6(16.6) Throwing
 + Level 13.2(18.2) Armour
 + Level 11.6(16.6) Dodging
 + Level 11.6(16.6) Stealth
 + Level 13.2(18.2) Shields
 + Level 11.6(16.6) Unarmed Combat
 + Level 11.6 Spellcasting
 + Level 9.8 Conjurations
 + Level 9.8 Hexes
 + Level 9.8 Summonings
 + Level 9.8 Necromancy
 + Level 9.8 Translocations
 + Level 9.8 Transmutations
 + Level 9.8 Fire Magic
 + Level 9.8 Ice Magic
 + Level 9.8 Air Magic
 + Level 9.8 Earth Magic
 + Level 9.8 Poison Magic
 + Level 12.6 Invocations
 + Level 11.6 Evocations


You had 3 spell levels left.
You knew the following spells:

 Your Spells              Type           Power      Damage    Failure   Level
a - Dispel Undead         Necr           64%        3d22      1%          4
b - Freezing Cloud        Conj/Ice/Air   32%        6-21      2%          5
c - Wereblood             Tmut           64%        N/A       1%          2
d - Frozen Ramparts       Ice            100%       1d12      1%          3
e - Swiftness             Air            64%        N/A       1%          3
f - Fireball              Conj/Fire      32%        3d14      2%          5
g - Mephitic Cloud        Conj/Pois/Air  64%        N/A       1%          3
i - Vampiric Draining     Necr           64%        2d10      1%          3
j - Airstrike             Air            32%        N/A       1%          4
k - Anguish               Hex/Necr       32%        N/A       1%          4

Your spell library contained the following spells:

 Spells                   Type           Power      Damage    Failure   Level
 Beastly Appendage        Tmut           100%       N/A       1%          1
 Freeze                   Ice            100%       1d11      1%          1
 Magic Dart               Conj           100%       1d8       1%          1
 Shock                    Conj/Air       100%       1d9       1%          1
 Slow                     Hex            100%       N/A       1%          1
 Blink                    Tloc           100%       N/A       1%          2
 Corpse Rot               Necr/Air       100%       N/A       1%          2
 Poisonous Vapours        Pois/Air       100%       N/A       1%          2
 Searing Ray              Conj           100%       2d8       1%          2
 Confusing Touch          Hex            64%        N/A       1%          3
 Ignite Poison            Fire/Tmut/Pois 64%        N/A       1%          3
 Lesser Beckoning         Tloc           64%        N/A       1%          3
 Ozocubu's Armour         Ice            64%        N/A       1%          3
 Spider Form              Tmut/Pois      64%        N/A       1%          3
 Flame Wave               Conj/Fire      64%        2d12      1%          4
 Fulminant Prism          Conj/Hex       32%        3d16      1%          4
 Hailstorm                Conj/Ice       64%        3d14      1%          4
 Iskenderun's Mystic Bla  Conj/Tloc      64%        2d13      1%          4
 Sticky Flame             Conj/Fire      64%        2d8       1%          4
 Iskenderun's Battlesphe  Conj           64%        2d11      2%          5
 Lightning Bolt           Conj/Air       32%        1d49      2%          5
 Manifold Assault         Tloc           64%        N/A       2%          5
 Metabolic Englaciation   Hex/Ice        32%        N/A       2%          5
 Conjure Ball Lightning   Conj/Air       32%        3x3d10    12%         6
 Dispersal                Tloc           32%        N/A       12%         6
 Iron Shot                Conj/Erth      32%        9d7       12%         6
 Enfeeble                 Hex            32%        N/A       54%         7
 Orb of Destruction       Conj           32%        9d10      54%         7
 Disjunction              Tloc           32%        N/A       99%         8
 Tukima's Dance           Hex            Unusable   N/A       N/A         3
 Death Channel            Necr           Unusable   N/A       N/A         6
 Simulacrum               Ice/Necr       Unusable   N/A       N/A         6

Dungeon Overview and Level Annotations

Branches:
Dungeon (15/15)            Temple (1/1) D:7            Lair (6/6) D:11
 Shoals (0/4) Lair:4       Spider (0/4) Lair:2        Slime (0/5) Lair:6
    Orc (2/2) D:10            Elf (2/3) Orc:2        Vaults (0/5) D:13
 Depths (0/4) D:15         WizLab (1/1)

Altars:
Ashenzari
Cheibriados
Dithmenos
Elyvilon
Fedhas
Gozag
Hepliaklqana
Kikubaaqudgha
Makhleb
Nemelex Xobeh
Okawaru
Qazlal
Ru
Sif Muna
Trog
Uskayaw
Vehumet
Wu Jian
Xom
Yredelemnul
Zin
The Shining One
Beogh

Shops:
D:3 !   D:12 ***[   D:14 [   Orc:2 (?=[   Elf:2 *


Innate Abilities, Weirdness & Mutations

You have very sharp teeth.
Your uncanny sense of smell can sniff out nearby items.
Your experience applies equally to all skills.


Message History

Casting: Vampiric Draining (safe; 1% risk of failure)
Confirm with . or Enter, or press ? or * to list all spells.
You don't have enough magic to cast this spell.
Unknown command.
Unknown command.
Casting: Vampiric Draining (safe; 1% risk of failure)
Confirm with . or Enter, or press ? or * to list all spells.
You don't have enough magic to cast this spell.
Unknown command.
Okay, then.
Unknown command.
Press: ? - help, v - describe, . - travel
Here: Nuizxego the Cloud Mage, wielding a +2 dagger of electrocution and wearing the +3 robe of Clouds {*Thunder rCloud rElec} (moderately wounded, surrounded by restless winds)
The damp floor.
Unknown command.
Okay, then.
Unknown command.
You bludgeon Nuizxego!! You burn Nuizxego.
Nuizxego is heavily wounded.
You are engulfed in whirling frost.
Unknown command.
Unknown command.
You hit Nuizxego. You burn Nuizxego. Your bite misses Nuizxego.
Nuizxego is heavily wounded.
You are engulfed in whirling frost.
Nuizxego misses you.
Unknown command.
You closely miss Nuizxego. You bite Nuizxego, but do no damage.
Nuizxego is heavily wounded.
You are engulfed in whirling frost.
Unknown command.
You sock Nuizxego! You burn Nuizxego. You bite Nuizxego, but do no damage.
Nuizxego is severely wounded.
You are engulfed in whirling frost.
Unknown command.
Unknown command.
You bludgeon Nuizxego!! You burn Nuizxego.
Nuizxego is severely wounded.
Nuizxego waves her arms in wide circles.
The air twists around and strikes you!!
You die...

≈≈≈≈≈≈≈###.......†...÷...........
≈≈≈≈≈###...≈≈≈≈≈≈≈≈≈≈≈≈≈≈≈≈≈≈≈≈≈≈
≈≈≈≈##...≈≈≈####################≈
≈≈≈≈#..≈≈≈≈≈############# ##
≈≈≈##.≈≈≈≈≈≈##§§#§.#.§#..
≈≈≈#..≈≈≈≈≈≈#.†§§§§......
≈≈##.≈≈≈≈≈≈≈#§.§§.§...... ∆∆
≈≈#..≈≈≈≈≈≈≈#§§§t§.§.§§.. ∆∆
≈≈#.........§...@.§§§§§.. ∆∆
≈≈#..≈≈≈≈≈≈≈#.§.@.§.§S§.. ∆∆
≈≈##.≈≈≈≈≈≈≈#§§.§..§§§... ∆∆
≈≈≈#..≈≈≈≈≈≈#§§§...§.....
≈≈≈##.≈≈≈≈≈≈##§§#§.#.§#..
≈≈≈§#..≈≈≈≈≈########### # ##
≈≈≈§##...≈≈≈####################≈
≈≈≈§§###...≈≈≈≈≈≈≈≈≈≈≈≈≈≈≈≈≈≈≈≈≈≈
§§≈≈≈≈≈###...†...................


You could see Nuizxego the Cloud Mage (gusty), a ghost crab and a shock serpent.

Vanquished Creatures
  Jorgrun (D:14)
  An orc warlord (Orc:2)
  A deep elf sorcerer (Elf:1)
  Nessos (D:14)
  A deep elf annihilator (Elf:2)
  A spark wasp (shapeshifter) (D:15)
  A spark wasp (WizLab)
  An ettin (D:13)
  2 blizzard demons (WizLab)
  2 fire dragons (D:14)
  Josephine (Lair:5)
  2 boulder beetles
  A rakshasa (D:15)
  6 hydras
  A spriggan zombie (D:15)
  5 centaur warriors
  5 ghost crabs (WizLab)
  Erica (Lair:2)
  A death knight (D:15)
  A spriggan air mage (WizLab)
  2 two-headed ogres
  2 tengu warriors (D:12)
  9 dancing weapons
  2 orc high priests
  4 shock serpents (WizLab)
  Urug (D:13)
  Sonja (D:13)
  9 deep elf knights
  A golden dragon zombie (D:15)
  3 skeletal warriors
  A flayed ghost (D:15)
  4 deep elf archers
  6 lindwurms
  Pikel (D:4)
  A necromancer (D:15)
  14 deep elf pyromancers
  2 wizards
  An orc knight (Orc:1)
  A wolf spider (Lair:6)
  2 stone giant zombies (D:15)
  25 deep elf zephyrmancers
  7 orc sorcerers
  2 manticores
  10 ugly things
  5 cyclopes
  A guardian serpent (Lair:6)
  A black mamba (shapeshifter) (D:12)
  A merfolk siren (Lair:4)
  2 apocalypse crabs (WizLab)
  7 black mambas
  10 cane toads
  3 elephants (Lair:4)
  6 gargoyles
  3 unseen horrors
  10 komodo dragons
  Maggie (D:7)
  A kobold demonologist (D:12)
  An efreet (D:15)
  4 yaktaurs (D:15)
  2 rime drakes
  3 merfolk (Lair:4)
  8 trolls
  A guardian mummy (D:15)
  2 wind drakes (WizLab)
  10 polar bears
  A wolf spider simulacrum (D:15)
  9 slime creatures
  3 hornets
  3 raiju (Lair:6)
  26 blink frogs
  14 dream sheep
  2 jumping spiders (Lair:2)
  A centaur simulacrum (D:14)
  A culicivora (Lair:2)
  9 air elementals
  Sigmund (D:4)
  2 water elementals (Elf:2)
  Eustachio (D:6)
  5 shadows
  A human (D:10)
  A fire elemental (Elf:1)
  5 wraiths
  31 yaks
  11 wyverns
  2 basilisks
  A human (shapeshifter) (D:13)
  6 redbacks
  2 steam dragons
  15 vampire mosquitoes
  6 wargs
  Duvessa (D:6)
  An acid dragon (D:12)
  13 hell hounds (Lair:6)
  33 water moccasins
  31 orc warriors
  2 sky beasts
  11 black bears
  An ice beast (D:6)
  7 ogres
  20 wolves
  15 centaurs
  2 lemures (D:4)
  A phantom (D:6)
  2 kobold brigands
  19 bullfrogs
  A gnoll sergeant (D:7)
  2 scorpions
  A wyvern skeleton (D:7)
  2 water moccasin skeletons
  Dowan (D:6)
  19 killer bees
  A vampire bat (D:6)
  8 howler monkeys
  5 electric eels (D:11)
  A bullfrog zombie (D:6)
  8 centaur zombies
  2 gnoll shamans
  3 jellies
  A bullfrog skeleton (D:5)
  27 orc priests
  Crazy Yiuf (D:5)
  6 hounds
  3 iguanas
  2 centaur skeletons
  12 hell rats
  42 orc wizards
  A hound zombie (D:5)
  3 adders
  16 gnolls
  A howler monkey zombie (D:11)
  A worm (D:3)
  2 dart slugs
  71 orcs
  8 bats
  2 bat skeletons (D:6)
  4 bat zombies (D:6)
  8 endoplasms
  2 giant cockroaches
  5 goblins
  2 hobgoblins
  16 kobolds
  6 ball pythons
  4 frilled lizards
  3 rats
850 creatures vanquished.

Vanquished Creatures (others)
  A ghost crab (WizLab)
  A shock serpent (WizLab)
  A deep elf knight (Elf:1)
  A skeletal warrior (D:13)
  2 ugly things (D:14)
  A raiju (Lair:6)
  A wind drake (WizLab)
  3 air elementals (WizLab)
  A warg (Lair:6)
  An orc warrior (Orc:2)
  A black bear (Lair:6)
  A wolf (Lair:6)
  A gnoll sergeant (D:12)
  An orc priest (Orc:2)
  An orc (Orc:2)
  67 fungi
  65 plants
  A withered plant (D:15)
151 creatures vanquished.

Grand Total: 1001 creatures vanquished

Notes
Turn   | Place    | Note
-------+----------+-------------------------------------------
     0 | D:1      | bmj180 the Gnoll Fighter began the quest for the Orb.
     0 | D:1      | Reached XP level 1. HP: 23/23 MP: 1/1
   319 | D:1      | Reached XP level 2. HP: 29/29 MP: 2/2
   980 | D:2      | Found a faded altar of an unknown god.
  1139 | D:2      | Reached XP level 3. HP: 35/35 MP: 2/4
  1213 | D:2      | Reached skill level 1 in Invocations
  1692 | D:3      | Found Uthruch's Distillery.
  1698 | D:3      | Bought a potion of curing for 33 gold pieces
  1698 | D:3      | Bought a potion of might for 44 gold pieces
  2111 | D:3      | Reached skill level 1 in Short Blades
  2111 | D:3      | Reached skill level 1 in Long Blades
  2111 | D:3      | Reached skill level 1 in Axes
  2111 | D:3      | Reached skill level 1 in Maces & Flails
  2111 | D:3      | Reached skill level 1 in Staves
  2111 | D:3      | Reached skill level 1 in Slings
  2111 | D:3      | Reached skill level 1 in Bows
  2111 | D:3      | Reached skill level 1 in Crossbows
  2111 | D:3      | Reached skill level 1 in Throwing
  2111 | D:3      | Reached skill level 1 in Dodging
  2111 | D:3      | Reached skill level 1 in Stealth
  2111 | D:3      | Reached skill level 1 in Unarmed Combat
  2111 | D:3      | Reached skill level 1 in Spellcasting
  2111 | D:3      | Reached skill level 1 in Evocations
  2444 | D:4      | Found a basalt altar of Yredelemnul.
  2446 | D:4      | Reached XP level 4. HP: 41/41 MP: 5/5
  2509 | D:4      | Reached skill level 1 in Conjurations
  2509 | D:4      | Reached skill level 1 in Hexes
  2509 | D:4      | Reached skill level 1 in Summonings
  2509 | D:4      | Reached skill level 1 in Necromancy
  2509 | D:4      | Reached skill level 1 in Translocations
  2509 | D:4      | Reached skill level 1 in Transmutations
  2509 | D:4      | Reached skill level 1 in Fire Magic
  2509 | D:4      | Reached skill level 1 in Ice Magic
  2509 | D:4      | Reached skill level 1 in Air Magic
  2509 | D:4      | Reached skill level 1 in Earth Magic
  2509 | D:4      | Reached skill level 1 in Poison Magic
  2572 | D:4      | Reached XP level 5. HP: 43/47 MP: 6/6
  2670 | D:4      | Noticed Sigmund
  2708 | D:4      | Identified the +11 quarterstaff of Cheibriados {flame, rN+
                  | Str+2 Dex+2}
  2980 | D:4      | Noticed a lemure
  2982 | D:4      | Noticed a lemure
  3019 | D:4      | Killed a lemure
  3023 | D:4      | Killed a lemure
  3074 | D:4      | Noticed Pikel
  3075 | D:4      | Noticed a lemure
  3075 | D:4      | Noticed a lemure
  3286 | D:4      | Killed Pikel
  3287 | D:4      | Reached skill level 5 in Polearms
  3287 | D:4      | Reached XP level 6. HP: 47/55 MP: 7/9
  3287 | D:4      | Reached XP level 7. HP: 52/60 MP: 7/10
  3442 | D:4      | Found a bloodstained altar of Trog.
  3729 | D:5      | Entered Level 5 of the Dungeon
  4070 | D:5      | Reached XP level 8. HP: 33/67 MP: 12/12
  4675 | D:5      | Found a glowing silver altar of Zin.
  4675 | D:5      | Found a burning altar of Makhleb.
  4676 | D:5      | Noticed a balrug
  4676 | D:5      | Noticed an angel
  4787 | D:5      | Found a runed translucent door.
  4788 | D:5      | Noticed Crazy Yiuf
  4793 | D:5      | Killed Crazy Yiuf
  5288 | D:6      | Noticed Eustachio
  5306 | D:6      | Killed Eustachio
  5307 | D:6      | Reached XP level 9. HP: 72/72 MP: 14/14
  5547 | D:6      | Found a hazy altar of Hepliaklqana.
  5583 | D:6      | Noticed Dowan
  5584 | D:6      | Found a blossoming altar of Fedhas.
  5584 | D:6      | Noticed Duvessa
  5616 | D:6      | Killed Dowan
  5624 | D:6      | Killed Duvessa
  6248 | D:6      | Found a shadowy altar of Dithmenos.
  6309 | D:6      | Found a shimmering altar of Xom.
  6588 | D:6      | Found an ancient bone altar of Kikubaaqudgha.
  6977 | D:7      | Reached skill level 5 in Invocations
  7646 | D:7      | Reached XP level 10. HP: 80/80 MP: 17/17
  7692 | D:7      | Found a snail-covered altar of Cheibriados.
  8042 | D:7      | Found a staircase to the Ecumenical Temple.
  8051 | Temple   | Entered the Ecumenical Temple
  8300 | Temple   | Became a worshipper of Warmaster Okawaru
  8464 | D:7      | Noticed Maggie
  8474 | D:7      | Killed Maggie
  8475 | D:7      | Reached skill level 5 in Short Blades
  8475 | D:7      | Reached skill level 5 in Long Blades
  8475 | D:7      | Reached skill level 5 in Axes
  8475 | D:7      | Reached skill level 5 in Maces & Flails
  8475 | D:7      | Reached skill level 5 in Staves
  8475 | D:7      | Reached skill level 5 in Slings
  8475 | D:7      | Reached skill level 5 in Bows
  8475 | D:7      | Reached skill level 5 in Crossbows
  8475 | D:7      | Reached skill level 5 in Throwing
  8475 | D:7      | Reached skill level 5 in Dodging
  8475 | D:7      | Reached skill level 5 in Stealth
  8475 | D:7      | Reached skill level 5 in Unarmed Combat
  8475 | D:7      | Reached skill level 5 in Spellcasting
  8475 | D:7      | Reached skill level 5 in Evocations
  8650 | D:6      | Learned a level 1 spell: Freeze
  8652 | D:6      | Learned a level 1 spell: Magic Dart
  8655 | D:6      | Learned a level 2 spell: Wereblood
  8659 | D:6      | Learned a level 3 spell: Frozen Ramparts
  8662 | D:6      | Learned a level 2 spell: Searing Ray
  9040 | D:8      | Found a hide-covered altar of Uskayaw.
  9518 | D:8      | Found a shimmering blue altar of Sif Muna.
  9973 | D:9      | Noticed a centaur warrior
 10204 | D:9      | Reached * piety under Okawaru
 10392 | D:9      | Noticed a cyan ugly thing
 10402 | D:9      | Killed a cyan ugly thing
 10460 | D:9      | You fall into a shaft and drop 3 floors!
 10460 | D:12     | Noticed a gargoyle
 10470 | D:12     | Killed a gargoyle
 10560 | D:12     | Reached ** piety under Okawaru
 10564 | D:12     | Noticed a cyclops
 10583 | D:12     | Killed a cyclops
 10584 | D:12     | Reached XP level 11. HP: 74/87 MP: 14/19
 10654 | D:12     | Noticed a six-headed hydra
 10786 | D:12     | Found Butiomuz's General Store.
 10859 | D:11     | Reached *** piety under Okawaru
 10899 | D:11     | Reached skill level 5 in Conjurations
 10899 | D:11     | Reached skill level 5 in Hexes
 10899 | D:11     | Reached skill level 5 in Summonings
 10899 | D:11     | Reached skill level 5 in Necromancy
 10899 | D:11     | Reached skill level 5 in Translocations
 10899 | D:11     | Reached skill level 5 in Transmutations
 10899 | D:11     | Reached skill level 5 in Fire Magic
 10899 | D:11     | Reached skill level 5 in Ice Magic
 10899 | D:11     | Reached skill level 5 in Air Magic
 10899 | D:11     | Reached skill level 5 in Earth Magic
 10899 | D:11     | Reached skill level 5 in Poison Magic
 11376 | D:11     | Received a gift from Okawaru
 11526 | D:11     | Noticed a boulder beetle
 11573 | D:11     | Killed a boulder beetle
 11573 | D:11     | Reached **** piety under Okawaru
 11573 | D:11     | Received a gift from Okawaru
 11828 | D:10     | Entered Level 10 of the Dungeon
 11831 | D:10     | Found a staircase to the Orcish Mines.
 12136 | D:9      | Killed a centaur warrior
 12136 | D:9      | Reached ***** piety under Okawaru
 12136 | D:9      | Received a gift from Okawaru
 12318 | D:9      | Reached XP level 12. HP: 96/96 MP: 18/22
 12373 | D:9      | Found a broken altar of Ashenzari.
 12442 | D:9      | Learned a level 3 spell: Swiftness
 13184 | D:10     | Found Jusacyrol's Book Emporium.
 13810 | D:11     | Received a gift from Okawaru
 13903 | D:11     | Found a staircase to the Lair.
 14353 | D:12     | Received a gift from Okawaru
 14354 | D:12     | Found the -2 hat of the Alchemist {rElec rPois rF+ rC+ rN+
                  | Will+ rMut rCorr}
 14355 | D:12     | Noticed a tengu warrior
 14421 | D:12     | Noticed a tengu warrior
 14468 | D:12     | Reached skill level 10 in Fighting
 14468 | D:12     | Reached skill level 10 in Armour
 14468 | D:12     | Reached skill level 10 in Shields
 14798 | D:12     | Killed a tengu warrior
 15146 | D:12     | Killed a tengu warrior
 15147 | D:12     | Reached XP level 13. HP: 44/103 MP: 18/24
 15288 | D:12     | Received a gift from Okawaru
 15358 | D:12     | Found Zoelips's Assorted Antiques.
 15373 | D:12     | Found Pof Duem's Armour Shop.
 15386 | D:12     | Received a gift from Okawaru
 15402 | D:12     | Found Fepy's General Store.
 15690 | D:10     | Learned a level 3 spell: Mephitic Cloud
 15694 | D:10     | Learned a level 3 spell: Spider Form
 15787 | D:4      | Killed Sigmund
 15973 | D:12     | Bought a scroll labelled ROQIPI TURGHENU for 28 gold pieces
 15973 | D:12     | Bought a scroll labelled ROQIPI TURGHENU for 28 gold pieces
 16068 | Lair:1   | Entered Level 1 of the Lair of Beasts
 16391 | Lair:1   | Identified the +1 falchion of Veomeb {vorpal, *Rage MP+9
                  | Int+7 Stlth+}
 16400 | Lair:1   | You fall into a shaft and drop 1 floor!
 16408 | Lair:2   | Received a gift from Okawaru
 16826 | Lair:2   | Noticed Erica
 16838 | Lair:2   | Killed Erica
 16905 | Lair:2   | Reached ****** piety under Okawaru
 16905 | Lair:2   | Identified the +4 crystal plate armour "Kinaxaec" {rPois
                  | rF- rC++ rCorr} (Okawaru gifted it to you on level 2 of the
                  | Lair of Beasts)
 16905 | Lair:2   | Received a gift from Okawaru
 17330 | Lair:1   | Found a shimmering blue altar of Sif Muna.
 17643 | Lair:1   | Learned a level 3 spell: Vampiric Draining
 17847 | Lair:2   | Found a hole to the Spider Nest.
 19617 | D:10     | Learned a level 4 spell: Airstrike
 19622 | D:10     | Learned a level 4 spell: Anguish
 19982 | Lair:4   | Reached skill level 10 in Polearms
 19983 | Lair:4   | Reached XP level 14. HP: 113/113 MP: 23/26
 20301 | Lair:4   | Found a staircase to the Shoals.
 20827 | Lair:5   | Identified the -3 pair of gloves of Narcissism {Harm Dex+5}
                  | (Okawaru gifted it to you on level 5 of the Lair of Beasts)
 20827 | Lair:5   | Received a gift from Okawaru
 21185 | Lair:5   | Noticed Josephine
 21195 | Lair:5   | Killed Josephine
 21946 | D:10     | Learned a level 4 spell: Dispel Undead
 22075 | Lair:6   | Entered Level 6 of the Lair of Beasts
 22151 | Lair:5   | Reached skill level 10 in Invocations
 22671 | Lair:6   | Found a staircase to the Slime Pits.
 22983 | Lair:6   | Identified the +0 pair of boots "Ifemuh" {rN++ Int+2}
                  | (Okawaru gifted it to you on level 6 of the Lair of Beasts)
 22983 | Lair:6   | Received a gift from Okawaru
 24442 | Lair:6   | Reached XP level 15. HP: 80/120 MP: 13/28
 24734 | Lair:6   | Identified the +1 robe of the Grue {Str+2}
 25366 | Lair:2   | Found the +11 plutonium sword {Contam Stlth-}
 25386 | Lair:2   | Identified the +0 plate armour "Kegimy" {rF++ Will- Dex+2
                  | SInv}
 25622 | Orc:1    | Entered Level 1 of the Orcish Mines
 25643 | Orc:1    | Identified the quicksilver dragon scales of the Fiend
                  | {-Tele Rampage rF- Will+ Int+10} (Okawaru gifted it to you
                  | on level 1 of the Orcish Mines)
 25643 | Orc:1    | Received a gift from Okawaru
 25836 | Orc:1    | Reached skill level 10 in Short Blades
 25836 | Orc:1    | Reached skill level 10 in Long Blades
 25836 | Orc:1    | Reached skill level 10 in Axes
 25836 | Orc:1    | Reached skill level 10 in Maces & Flails
 25836 | Orc:1    | Reached skill level 10 in Staves
 25836 | Orc:1    | Reached skill level 10 in Slings
 25836 | Orc:1    | Reached skill level 10 in Bows
 25836 | Orc:1    | Reached skill level 10 in Crossbows
 25836 | Orc:1    | Reached skill level 10 in Throwing
 25836 | Orc:1    | Reached skill level 10 in Dodging
 25836 | Orc:1    | Reached skill level 10 in Stealth
 25836 | Orc:1    | Reached skill level 10 in Unarmed Combat
 25836 | Orc:1    | Reached skill level 10 in Spellcasting
 25836 | Orc:1    | Reached skill level 10 in Evocations
 26086 | Orc:2    | Entered Level 2 of the Orcish Mines
 27228 | Orc:2    | Noticed an orc warlord
 27243 | Orc:2    | Killed an orc warlord
 27605 | Orc:2    | Found a staircase to the Elven Halls.
 27865 | Orc:2    | Found Wymurimui's Jewellery Boutique.
 27865 | Orc:2    | Found Sifaem's Armour Boutique.
 27866 | Orc:2    | Found Mahatiog's Magic Scroll Shop.
 27871 | Orc:2    | Found Ufus's Weapon Shop.
 28083 | D:10     | Learned a level 5 spell: Freezing Cloud
 28149 | Orc:2    | Bought an amulet of reflection for 480 gold pieces
 28375 | D:13     | Noticed Sonja
 28381 | D:13     | Killed Sonja
 28420 | D:13     | Found a gate to the Vaults.
 28699 | D:13     | Received a gift from Okawaru
 28974 | D:13     | Noticed Urug
 28979 | D:13     | Killed Urug
 28979 | D:13     | Identified the +1 scale mail "Ymoefe" {rF+ Dex+3} (Okawaru
                  | gifted it to you on level 13 of the Dungeon)
 28979 | D:13     | Received a gift from Okawaru
 29385 | D:14     | Found Cheibriados's Comfort Zone.
 29385 | D:14     | Found a snail-covered altar of Cheibriados.
 29470 | D:14     | Noticed Jorgrun
 29482 | D:14     | Killed Jorgrun
 30024 | D:14     | Reached XP level 16. HP: 108/128 MP: 7/30
 30187 | D:14     | Noticed Nessos
 30196 | D:14     | Killed Nessos
 30973 | D:12     | Bought a scroll of amnesia for 35 gold pieces
 31055 | D:10     | Learned a level 5 spell: Fireball
 31242 | D:15     | Entered Level 15 of the Dungeon
 31358 | D:15     | Found a glowing golden altar of the Shining One.
 31606 | D:15     | Found a staircase to the Depths.
 32795 | D:15     | Received a gift from Okawaru
 33348 | Elf:1    | Entered Level 1 of the Elven Halls
 34322 | Elf:1    | Received a gift from Okawaru
 36620 | Elf:2    | Reached XP level 17. HP: 130/136 MP: 10/32
 36693 | Elf:2    | Found Ockudeg's General Store.
 36819 | Elf:2    | Received a gift from Okawaru
 36841 | Elf:2    | Found a magical portal.
 36955 | WizLab   | Entered The Chambers of the Cloud Mage
 37144 | WizLab   | Paralysed by an air elemental for 1 turns
 37232 | WizLab   | Paralysed by an air elemental for 1 turns
 37524 | WizLab   | Paralysed by an air elemental for 1 turns
 37778 | WizLab   | Received a gift from Okawaru
 37905 | WizLab   | Paralysed by an air elemental for 1 turns
 37981 | WizLab   | Identified a scroll of acquirement
 37992 | WizLab   | Acquired the Incunabulum of Excruciating Feathers
 38121 | WizLab   | Paralysed by an air elemental for 1 turns
 38125 | WizLab   | Paralysed by an air elemental for 1 turns
 38539 | WizLab   | Paralysed by an air elemental for 1 turns
 38580 | WizLab   | Noticed Nuizxego
 38585 | WizLab   | Paralysed by an air elemental for 1 turns
 38597 | WizLab   | Killed from afar by Nuizxego the Cloud Mage

Illustrated notes

Levels and vault maps discovered:
D:1:      saegor_arrival_simple_d, layout_loops_corners
D:2:      layout_basic, shapermc_ecumenical_altar_mp_ritualfount
D:3:      layout_loops_corners, serial_shops, shop
D:4:      layout_rooms, trog_book, mainiacjoe_overflow_brackets, uniq_pikel,
          uniq_sigmund
D:5:      layout_rooms, grunt_temple_overflow_order_and_chaos_2,
          uniq_crazy_yiuf_cottage
D:6:      layout_basic, nicolae_hepliaklqana_hippocampus, old_standard_altar,
          mainiacjoe_overflow_small_starburst, kennysheep_vampire_church,
          grunt_dithmenos_shadows, serial_park_tiny_pond, uniq_duvessa,
          uniq_eustachio
D:7:      layout_rooms, cheibriados_altar_2, temple_hall, uniq_maggie
D:8:      layout_loops_corners, lemuel_coloured_pillars_altar,
          lemuel_doored_altar
D:9:      layout_small_grid, ashenzari_altar_1, minivault_20
D:10:     layout_stronghold, erik_orc_4, nicolae_inconvenience_store
D:11:     layout_stronghold, erik_lair_island, minivault_14, minivault_25,
          hangedman_decor_riveting, minmay_splitting_lines,
          serial_park_tiny_pond
D:12:     hangedman_cross_cluster, layout_gridville, serial_shops, shop,
          nicolae_lakefront_shop, shop, nicolae_stop_n_shop_1
D:13:     layout_loops_ring, david_vaults_4, uniq_urug, uniq_sonja
D:14:     layout_irregular_city, kennysheep_cross_bottleneck,
          hangedman_weighted_door, minmay_shop_chei, uniq_nessos, uniq_jorgrun
D:15:     gammafunk_depths_entry_grave, layout_basic,
          nicolae_tso_carved_into_rock, grunt_decor_junction, interstate_on_off
Temple:   compressed_dpeg_triangle_lava_temple
Lair:1:   layout_gridlike, serial_bayou_pond_b, lemuel_centaur_altar
Lair:2:   layout_cave_pods, spider_nest_entry_funnel_web, minmay_lindwurm_lava,
          grunt_megastairs_5, serial_bayou_shore_a, uniq_erica
Lair:3:   layout_hall_layers, beast_lair_carwin_4
Lair:4:   layout_cave_pods, elwin_shoals_entry_stream
Lair:5:   layout_regular_city, uniq_josephine
Lair:6:   hangedman_lair_caniforms_friends, layout_regular_city,
          hangedman_lair_tendril_chambers, nicolae_slime_entry_slimehenge,
          serial_bayou_shore_b
Orc:1:    layout_diamond_mine
Orc:2:    st_orc_mages, layout_caves, basic_altar
Elf:1:    elf_arrival_001, layout_geoelf_grid,
          hangedman_elven_crosses_minicolossus
Elf:2:    nicolae_elf_blades_crystal_corner, layout_loops_corners, serial_shops,
          nicolae_shop_statue_plus, infiniplex_enter_wizlab_water, minivault_16
WizLab:   wizlab_cloud

Skill      XL: |  1  2  3  4  5  6  7  8  9 10 11 12 13 14 15 16 |
---------------+-------------------------------------------------+-----
Invocations    | 1 2 3 4 5 6 7 8 9 10 11 12 | 12.6
Short Blades   | 1 2 3 4 5 6 7 8 9 10 11 | 11.6
Long Blades    | 1 2 3 4 5 6 7 8 9 10 11 | 11.6
Axes           | 1 2 3 4 5 6 7 8 9 10 11 | 11.6
Maces & Flails | 1 2 3 4 5 6 7 8 9 10 11 | 11.6
Staves         | 1 2 3 4 5 6 7 8 9 10 11 | 11.6
Slings         | 1 2 3 4 5 6 7 8 9 10 11 | 11.6
Bows           | 1 2 3 4 5 6 7 8 9 10 11 | 11.6
Crossbows      | 1 2 3 4 5 6 7 8 9 10 11 | 11.6
Throwing       | 1 2 3 4 5 6 7 8 9 10 11 | 11.6
Dodging        | 1 2 3 4 5 6 7 8 9 10 11 | 11.6
Stealth        | 1 2 3 4 5 6 7 8 9 10 11 | 11.6
Unarmed Combat | 1 2 3 4 5 6 7 8 9 10 11 | 11.6
Spellcasting   | 1 2 3 4 5 6 7 8 9 10 11 | 11.6
Evocations     | 1 2 3 4 5 6 7 8 9 10 11 | 11.6
Conjurations   | 1 2 3 4 5 6 7 8 9 |  9.8
Hexes          | 1 2 3 4 5 6 7 8 9 |  9.8
Summonings     | 1 2 3 4 5 6 7 8 9 |  9.8
Necromancy     | 1 2 3 4 5 6 7 8 9 |  9.8
Translocations | 1 2 3 4 5 6 7 8 9 |  9.8
Transmutations | 1 2 3 4 5 6 7 8 9 |  9.8
Fire Magic     | 1 2 3 4 5 6 7 8 9 |  9.8
Ice Magic      | 1 2 3 4 5 6 7 8 9 |  9.8
Air Magic      | 1 2 3 4 5 6 7 8 9 |  9.8
Earth Magic    | 1 2 3 4 5 6 7 8 9 |  9.8
Poison Magic   | 1 2 3 4 5 6 7 8 9 |  9.8
Fighting       | 7 8 9 10 11 12 13 | 13.2
Polearms       | 5 6 7 8 9 10 11 12 | 12.5
Armour         | 7 8 9 10 11 12 13 | 13.2
Shields        | 7 8 9 10 11 12 13 | 13.2

Action                   |  1- 3 |  4- 6 |  7- 9 | 10-12 | 13-15 | 16-18 || total
-------------------------+-------+-------+-------+-------+-------+-------++-------
Melee: Trident           |   119 |    30 |       |       |       |       ||   149
       Bite              |    13 |     2 |    24 |    48 |   114 |    51 ||   252
       Quarterstaff      |       |    14 |   231 |   439 |   951 |   314 ||  1949
 Cast: Frozen Ramparts   |       |       |       |    50 |    99 |     6 ||   155
       Searing Ray       |       |       |       |     6 |     1 |       ||     7
       Magic Dart        |       |       |       |     3 |     1 |       ||     4
       Wereblood         |       |       |       |     5 |     2 |       ||     7
       Vampiric Draining |       |       |       |       |    81 |    22 ||   103
       Anguish           |       |       |       |       |    22 |     6 ||    28
       Airstrike         |       |       |       |       |    23 |    24 ||    47
       Mephitic Cloud    |       |       |       |       |     1 |       ||     1
       Freezing Cloud    |       |       |       |       |     6 |    31 ||    37
       Dispel Undead     |       |       |       |       |     3 |    22 ||    25
       Fireball          |       |       |       |       |       |    10 ||    10
       Swiftness         |       |       |       |       |       |     2 ||     2
Invok: Heroism           |       |       |       |       |       |    11 ||    11
       Finesse           |       |       |       |       |       |     2 ||     2
Evoke: Wand              |       |     2 |     2 |    13 |     8 |     7 ||    32
  Use: Potion            |       |       |     2 |     4 |     1 |     8 ||    15
       Scroll            |       |       |       |    21 |    14 |     3 ||    38
 Stab: Paralysed         |       |     5 |       |     8 |       |       ||    13
       Sleeping          |       |       |     1 |     6 |     8 |     9 ||    24
       Distracted        |       |       |       |     1 |     3 |       ||     4
       Confused          |       |       |       |       |     2 |       ||     2
Armor: Scale mail        |    62 |    12 |   107 |     6 |       |       ||   187
       Steam dragon scal |       |       |       |   119 |   202 |       ||   321
       Quicksilver drago |       |       |       |       |   106 |   112 ||   218
Dodge: Dodged            |    37 |    15 |   200 |   423 |  1197 |   217 ||  2089
Block: Buckler           |    23 |     5 |       |       |       |       ||    28
       Other             |       |       |       |       |    17 |    49 ||    66
       Reflection        |       |       |       |       |       |     6 ||     6

Table legend: (Time is in decaauts)
 A = Elapsed time spent in this place.
 B = Non-inter-level travel time spent in this place.
 C = Inter-level travel time spent in this place.
 D = Time resting spent in this place.
 E = Time spent auto-exploring this place.
 F = Levels seen in this place.
 G = Mean time per level.
                   A        B        C        D        E       F      G
               +--------+--------+--------+--------+--------+-----+--------+
         Total |  38527 |  35054 |   3473 |   8264 |  15767 |  27 | 1426.9 |
       Dungeon |  21611 |  19480 |   2131 |   3839 |   9883 |  15 | 1440.7 |
        Temple |    281 |    254 |     27 |      0 |    246 |   1 |  281.0 |
          Lair |   9139 |   8451 |    688 |   1103 |   4472 |   6 | 1523.2 |
  Orcish Mines |   3517 |   2976 |    541 |   1475 |    540 |   2 | 1758.5 |
   Elven Halls |   2370 |   2284 |     86 |    794 |    603 |   2 | 1185.0 |
        Wizlab |   1607 |   1607 |      0 |   1052 |     23 |   1 | 1607.0 |
               +--------+--------+--------+--------+--------+-----+--------+

Top non-repeatable levels by time:
  Lair:6: 2537 daAuts
     D:6: 2525 daAuts
    D:10: 2191 daAuts
   Elf:1: 2037 daAuts
    D:11: 2035 daAuts
    D:15: 1892 daAuts
   Orc:1: 1838 daAuts
    D:12: 1735 daAuts
    D:14: 1710 daAuts
   Orc:2: 1678 daAuts
  WizLab: 1607 daAuts
  Lair:2: 1551 daAuts
     D:8: 1459 daAuts
  Lair:3: 1379 daAuts
  Lair:5: 1369 daAuts
